 Dungeon Crawl Stone Soup version 0.18.1-2-ga659475 (webtiles) character file.

4042 Chaositek the Nimble (level 10, -6/49 HPs)
             Began as a Spriggan Artificer on May 8, 2016.
             Was a High Priest of Pakellas.
             Killed themself with a badly aimed orb of electricity (39 damage)
             ... on level 9 of the Dungeon.
             The game lasted 00:48:44 (11316 turns).

Chaositek the Nimble (Spriggan Artificer)          Turns: 11316, Time: 00:48:44

Health: -6/49      AC:  5    Str:  8    XL:     10   Next: 4%
Magic:  17/17      EV: 32    Int: 14    God:    Pakellas [*****.]
Gold:   421        SH:  0    Dex: 24    Spells: 0 memorised, 9 levels left

rFire  . . .     SeeInvis +     s - +1 rapier
rCold  . . .     Gourm    .     b - +0 robe
rNeg   . . .     Faith    .     (shield restricted)
rPois  .         Spirit   .     l - +2 hat
rElec  .         Dismiss  .     p - +0 cloak
rCorr  +         Reflect  .     (gloves unavailable)
SustAt .         Harm     .     (boots unavailable)
MR     +....                    (no amulet)
Stlth  ++++++....               u - +5 ring of dexterity
                                h - ring of resist corrosion

@: very quick, somewhat resistant to hostile enchantments, very stealthy
A: unfitting armour, see invisible, herbivore 3, speed 3, slow metabolism 2
a: Quick Charge, Device Surge, Renounce Religion


You were on level 9 of the Dungeon.
You worshipped Pakellas.
Pakellas was extremely pleased with you.
You were not hungry.

You visited 1 branch of the dungeon, and saw 9 of its levels.
You also visited: Ossuary.

You collected 421 gold pieces.

Inventory:

Hand Weapons
 a - a +0 short sword
 s - a +1 rapier (weapon)
Missiles
 r - a throwing net (quivered)
Armour
 b - a +0 robe (worn)
 l - a +2 hat (worn)
 p - a +0 cloak (worn)
Rods
 Q - a +3 iron rod (12/12)
   (Pakellas gifted it to you on level 8 of the Dungeon)
Jewellery
 h - a ring of resist corrosion (left hand)
 u - a +5 ring of dexterity (right hand)
 w - a +2 ring of evasion {unknown}
 O - an uncursed ring of wizardry {unknown}
Wands
 c - a wand of flame (0/48)
 d - a wand of enslavement (5/24)
 e - a wand of random effects (0/48)
 q - a wand of polymorph (3/24)
 C - a wand of digging (10/24)
 F - a wand of iceblast (8/15)
 H - a wand of iceblast (5/15)
 P - a wand of disintegration (0/24)
 R - a wand of confusion (25/48)
 T - a wand of enslavement (13/24)
Scrolls
 g - 3 scrolls of remove curse
 m - 9 scrolls of identify
 o - 2 scrolls of teleportation
 B - a scroll of amnesia
 D - a scroll of torment
 E - 2 scrolls of enchant weapon
 G - a scroll of fog
 L - 4 scrolls of fear
Potions
 i - 4 potions of curing
 j - 2 potions of heal wounds {unknown}
 k - a potion of invisibility {unknown}
 n - 2 potions of flight {unknown}
 t - 8 potions of lignification {unknown}
 v - 2 potions of beneficial mutation {unknown}
 z - a potion of might {unknown}
 A - a potion of haste {unknown}
 I - a potion of mutation {unknown}
 J - a potion of agility {unknown}
 S - a potion of magic
Books
 x - a book of Changes

   Spells                             Type                      Level
   a - Beastly Appendage              Transmutation                1
   b - Sticks to Snakes               Transmutation                2
   c - Spider Form                    Transmutation/Poison         3
   d - Ice Form                       Ice/Transmutation            4
   e - Blade Hands                    Transmutation                5
Miscellaneous
 K - a disc of storms
Comestibles
 f - 4 bread rations
 M - 11 royal jellies
 N - 3 fruits


   Skills:
 + Level 3.9 Fighting
 + Level 6.4 Short Blades
 + Level 11.6 Dodging
 + Level 10.8 Stealth
 * Level 9.2 Evocations


You had 9 spell levels left.
You didn't know any spells.

Dungeon Overview and Level Annotations

Branches:
Dungeon (9/15)             Temple (0/1) D:7            Lair (0/8) D:8
    Orc: D:9-12

Altars:
Dithmenos
Elyvilon
Gozag
Nemelex Xobeh
Okawaru
Pakellas
Qazlal
Ru
Sif Muna

Shops:
D:4 [   D:7 (:

Annotations:
D:3 DrakieV's ghost, amateur HOBe


Innate Abilities, Weirdness & Mutations

You are tiny and cannot use many weapons and most armour.
You have supernaturally acute eyesight.
You are a herbivore.
You cover ground extremely quickly.
You need consume almost no food.


Message History

Nothing appears to happen.
The orc completely misses you.
Evoke which item? (* to show all) (? for menu, Esc to quit)
The disc erupts in an explosion of electricity!
You hear a mighty clap of thunder!
The orb of electricity explodes! x2; The orb of electricity engulfs the orc.
You kill the orc!
Pakellas accepts your kill.
Pakellas collects the excess magic power.
The orb of electricity engulfs the orc.
The orc is almost dead.
The orb of electricity engulfs the ogre.
The ogre is severely wounded.
The orb of electricity engulfs the orc.
You kill the orc!
Pakellas accepts your kill. The orb of electricity engulfs you!
Ouch! That really hurt!
You die...
Pakellas says: Time to find a new assistant...

......#.#######
....#........# ...
####†###.... . #)..#
# ###Z######### #.
#.).......# #.#
#..O).....# #.#
#..o......# #.#
#...@.....#
####.####
###...#####
#.......###...#.##
#...................
#.......#######.###.
####.#### #.# #..#
...... #.## .....
#.# ...#


You could see an ogre, an orc and a giant frog skeleton.

Vanquished Creatures
  A wyvern (D:9)
  2 yaks (D:8)
  2 hippogriffs (D:8)
  A hungry ghost (D:6)
  A porcupine (D:8)
  A sky beast (D:5)
  2 phantoms
  2 ogres
  2 centaurs
  3 crocodiles
  A giant frog (D:7)
  2 scorpions
  A howler monkey (D:6)
  3 crimson imps
  2 orc priests
  3 iguanas
  4 orc wizards
  2 worker ants (D:5)
  A hound zombie (D:5)
  A worker ant zombie (D:5)
  A howler monkey skeleton (D:4)
  8 adders
  11 gnolls
  3 river rats (D:8)
  2 shadow imps
  2 oozes
  3 dart slugs (D:2)
  3 worms
  5 giant geckos
  27 orcs
  4 giant cockroaches
  12 goblins
  8 hobgoblins
  6 jackals
  6 quokkas
  11 bats
  A giant gecko zombie (D:6)
  5 giant newts
  A gnoll skeleton (Ossuary)
  A goblin zombie (D:5)
  10 kobolds
  A kobold skeleton (Ossuary)
  A quokka skeleton (D:6)
  A quokka zombie (D:5)
  7 rats
177 creatures vanquished.

Vanquished Creatures (collateral kills)
  A troll (D:9)
  A polar bear (D:8)
  8 yaks (D:8)
  A wraith (Ossuary)
  A basilisk (D:8)
  A porcupine (D:8)
  2 ogres
  A crocodile (D:8)
  A scorpion (D:8)
  A giant frog zombie (D:8)
  A hound (D:8)
  2 orc priests
  3 jellies (D:9)
  A worker ant (D:4)
  A mummy (Ossuary)
  4 gnolls (D:3)
  4 oozes (D:9)
  An adder zombie (D:9)
  2 giant geckos (D:9)
  6 orcs
  A giant cockroach (D:4)
  A goblin (D:3)
  2 jackals (D:8)
  2 quokkas (D:8)
  2 gnoll skeletons (Ossuary)
  5 kobold skeletons (Ossuary)
  8 orc skeletons (Ossuary)
  2 rats (D:8)
66 creatures vanquished.

Vanquished Creatures (others)
  An orc wizard (D:4)
  3 gnolls
  2 orcs
  A giant cockroach (D:3)
  A bush (D:8)
  8 plants (D:8)
16 creatures vanquished.

Grand Total: 259 creatures vanquished

Notes
Turn   | Place    | Note
--------------------------------------------------------------
     0 | D:1      | Chaositek the Spriggan Artificer began the quest for the Orb.
     0 | D:1      | Reached XP level 1. HP: 9/9 MP: 4/4
   516 | D:1      | Reached XP level 2. HP: 10/14 MP: 6/6
   886 | D:1      | Reached skill level 1 in Fighting
  1526 | D:2      | Reached XP level 3. HP: 14/18 MP: 7/7
  1582 | D:2      | Reached skill level 4 in Dodging
  1848 | D:2      | Found an oddly glowing altar of Pakellas.
  1980 | D:2      | Reached XP level 4. HP: 12/22 MP: 8/8
  2215 | D:2      | You fall through a shaft!
  2322 | D:2      | Became a worshipper of Pakellas the Inventive
  2560 | D:2      | Found a white marble altar of Elyvilon.
  2568 | D:2      | Found a stormy altar of Qazlal.
  2568 | D:2      | Found a deep blue altar of Sif Muna.
  2569 | D:2      | Found an iron altar of Okawaru.
  2570 | D:2      | Found a sparkling altar of Nemelex Xobeh.
  2571 | D:2      | Found an opulent altar of Gozag.
  2572 | D:2      | Found a sacrificial altar of Ru.
  2691 | D:3      | Reached skill level 5 in Dodging
  2691 | D:3      | Reached skill level 5 in Evocations
  3140 | D:3      | Noticed DrakieV's ghost (amateur HOBe)
  3169 | D:3      | Reached XP level 5. HP: 25/25 MP: 9/9
  3203 | D:3      | Reached * piety under Pakellas
  3203 | D:3      | Received a gift from Pakellas
  4559 | D:3      | Reached XP level 6. HP: 28/30 MP: 11/11
  4653 | D:3      | Reached skill level 6 in Dodging
  4871 | D:3      | Found a shadowy altar of Dithmenos.
  5546 | D:4      | Found Uryar's Antique Armour Shop.
  5680 | D:4      | Reached skill level 7 in Dodging
  5853 | D:4      | Reached ** piety under Pakellas
  5853 | D:4      | Received a gift from Pakellas
  5857 | D:4      | Found a sparkling altar of Nemelex Xobeh.
  6065 | D:4      | Reached XP level 7. HP: 31/35 MP: 12/12
  6251 | D:5      | Entered Level 5 of the Dungeon
  6270 | D:5      | Found a sand-covered staircase.
  6288 | Ossuary  | Entered an ossuary
  6288 | Ossuary  | Noticed a wraith
  6288 | Ossuary  | Noticed a wraith
  6288 | Ossuary  | Noticed a wraith
  6357 | Ossuary  | Noticed a wraith
  6377 | Ossuary  | Killed a wraith
  6377 | Ossuary  | Reached skill level 5 in Stealth
  6955 | D:5      | Reached skill level 8 in Dodging
  7165 | D:5      | Reached *** piety under Pakellas
  7165 | D:5      | Received a gift from Pakellas
  7165 | D:5      | Reached XP level 8. HP: 39/39 MP: 13/13
  7877 | D:6      | Reached skill level 9 in Dodging
  8128 | D:6      | Reached skill level 5 in Short Blades
  8325 | D:7      | Found Zylacw's Antique Weapon Shop.
  8543 | D:7      | Found a staircase to the Ecumenical Temple.
  8582 | D:7      | Reached **** piety under Pakellas
  8582 | D:7      | Received a gift from Pakellas
  8941 | D:7      | Found Sumesch's Book Shoppe.
  9228 | D:8      | Noticed a polar bear
  9228 | D:8      | a basilisk changed into a polar bear
  9404 | D:8      | Reached XP level 9. HP: 26/44 MP: 15/15
  9638 | D:8      | Found a staircase to the Lair.
  9664 | D:8      | Reached skill level 10 in Dodging
 10561 | D:8      | Killed a polar bear
 10572 | D:8      | Reached skill level 10 in Stealth
 10572 | D:8      | Reached ***** piety under Pakellas
 10572 | D:8      | Received a gift from Pakellas
 10944 | D:8      | Reached skill level 11 in Dodging
 11152 | D:9      | Noticed a troll
 11161 | D:9      | Killed a troll
 11207 | D:9      | Reached XP level 10. HP: 45/49 MP: 17/17
 11316 | D:9      | Killed themself with a badly aimed orb of electricity

Skill      XL: |  1  2  3  4  5  6  7  8  9 |
---------------+----------------------------+-----
Fighting       | 1 2 3 |  3.9
Stealth        | 2 3 4 6 9 10 | 10.8
Dodging        | 4 5 7 8 9 11 | 11.6
Evocations     | 5 6 7 9 |  9.2
Short Blades   | 2 3 4 5 6 |  6.4

Action                   |  1- 3 |  4- 6 |  7- 9 | 10-12 || total
-------------------------+-------+-------+-------+-------++-------
Melee: Short sword       |   157 |   199 |       |       ||   356
       Rapier            |       |   131 |   330 |     7 ||   468
Invok: Quick Charge      |       |     1 |     1 |       ||     2
Evoke: Wand              |    10 |    40 |    41 |       ||    91
       Box of beasts     |       |     1 |    11 |     2 ||    14
       Disc of storms    |       |       |     6 |     1 ||     7
       Rod               |       |       |     4 |       ||     4
  Use: Scroll            |       |     8 |     7 |       ||    15
 Stab: Sleeping          |     1 |     7 |    19 |     2 ||    29
       Distracted        |       |     1 |     4 |       ||     5
       Confused          |       |     1 |       |       ||     1
       Betrayed ally     |       |       |     1 |       ||     1
  Eat: Bread ration      |       |     1 |       |       ||     1
       Pizza             |       |       |     3 |       ||     3
Armor: Robe              |    12 |    24 |    16 |       ||    52
Dodge: Dodged            |   125 |   269 |   283 |     7 ||   684
